 Dungeon Crawl Stone Soup version 0.23-a0-290-g290e36d (webtiles) character file.

8197 Mgcat the Destroyer (level 11, 0/63 HPs)
             Began as a Gargoyle Ice Elementalist on Oct 3, 2018.
             Was an Elder of Vehumet.
             Slain by a troll (10 damage)
             ... on level 10 of the Dungeon.
             The game lasted 00:49:36 (15945 turns).

Mgcat the Destroyer (Gargoyle Ice Elementalist)    Turns: 15945, Time: 00:49:37

Health: 0/63       AC: 14    Str: 13    XL:     11   Next: 27%
Magic:  1/22       EV: 14    Int: 24    God:    Vehumet [****..]
Gold:   253        SH:  0    Dex: 14    Spells: 8/25 levels left

rFire    . . .     SeeInvis .   A - +3 whip (slash)
rCold    . . .     Gourm    +   (no shield)
rNeg     + . .     Faith    .   H - +1 robe {MR+}
rPois    ∞         Spirit   .   (no helmet)
rElec    +         Reflect  .   (no cloak)
rCorr    +         Harm     .   b - +0 pair of gloves
MR       +....                  l - +1 pair of boots
Stlth    +++.......             C - amulet "Nyeloyco" {Gourm Int+6 Stlth+}
HPRegen  0.20/turn              n - ring of resist corrosion
MPRegen  0.18/turn              t - +4 ring of dexterity

@: about to teleport, very slightly contaminated
A: negative energy resistance 1, electricity resistance, unbreathing,
petrification resistance, rot immunity, AC +8
a: Renounce Religion


You were on level 10 of the Dungeon.
You worshipped Vehumet.
Vehumet was greatly pleased with you.
You were very full.

You visited 1 branch of the dungeon, and saw 11 of its levels.

You collected 450 gold pieces.
You spent 197 gold pieces at shops.

Inventory:

Hand Weapons
 A - a +3 whip of slashing (weapon)
   (You took it off an orc on level 5 of the Dungeon)
Missiles
 k - 234 stones (quivered)
 y - 3 throwing nets {=f, !d}
Armour
 b - a +0 pair of gloves (worn)
   (You found it on level 1 of the Dungeon)
 l - a +1 pair of boots (worn)
   (You found it on level 6 of the Dungeon)
 H - a +1 robe of magic resistance (worn)
   (You bought it in a shop on level 10 of the Dungeon)
Magical Staves
 f - an uncursed staff of earth
   (You found it on level 3 of the Dungeon)
Jewellery
 n - a ring of resist corrosion (left hand)
   (You found it on level 2 of the Dungeon)
 t - a +4 ring of dexterity (right hand)
   (You found it on level 3 of the Dungeon)
 C - the amulet "Nyeloyco" (around neck) {Gourm Int+6 Stlth+}
   (You bought it in a shop on level 6 of the Dungeon)

   [amulet of the gourmand]

   It allows you to eat raw meat even when not hungry.
   It affects your intelligence (+6).
   It makes you more stealthy.
Wands
 B - a wand of random effects (23)
   (You found it on level 5 of the Dungeon)
 G - a wand of disintegration (15)
   (You found it on level 8 of the Dungeon)
Scrolls
 g - 6 scrolls of remove curse
 h - 8 scrolls of identify
 s - 2 scrolls of amnesia
 E - a scroll of magic mapping {!r}
Potions
 d - 2 potions of flight
 e - a potion of resistance {unknown}
 j - 2 potions of heal wounds
 m - 3 potions of mutation {!q}
 o - 2 potions of berserk rage {!q}
 p - 2 potions of magic {unknown}
 q - a potion of agility {unknown}
 r - a potion of cancellation {unknown}
 u - a potion of lignification {!q}
 w - a potion of might {unknown}
 z - a potion of curing
 F - 4 potions of haste
Comestibles
 a - 2 chunks of flesh {@w0}
 c - 10 rations


   Skills:
 - Level 5.0 Fighting
 + Level 3.2 Maces & Flails
 + Level 4.6 Dodging
 - Level 2.1 Stealth
 + Level 7.6 Spellcasting
 + Level 8.7 Conjurations
 - Level 3.3 Summonings
 + Level 2.0 Fire Magic
 + Level 8.7 Ice Magic
 - Level 5.1 Earth Magic


You had 8 spell levels left.
You knew the following spells:

 Your Spells              Type           Power        Failure   Level  Hunger
a - Freeze                Ice            ####         1%          1    None
b - Throw Frost           Conj/Ice       ######       1%          2    None
c - Throw Icicle          Conj/Ice       ######..     1%          4    ###....
d - Sandblast             Erth           ####..       1%          1    None
e - Summon Ice Beast      Ice/Summ       #####...     5%          4    ###....
f - Bolt of Magma         Conj/Fire/Erth ####......   6%          5    #####..

Your spell library contained the following spells:

 Spells                   Type           Power        Failure   Level  Hunger
 Ozocubu's Armour         Chrm/Ice       ####....     3%          3    None
 Beastly Appendage        Tmut           #.....       7%          1    None
 Sticks to Snakes         Tmut           #.......     10%         2    None
 Ice Form                 Ice/Tmut       ####....     11%         4    ###....
 Spider Form              Tmut/Pois      #.........   21%         3    None
 Blade Hands              Tmut           #.........   88%         5    #####..


Dungeon Overview and Level Annotations

Branches:
Dungeon (11/15)            Temple (0/1) D:5            Lair (0/6) D:10
    Orc: D:9-12

Altars:
Ashenzari
Cheibriados
Hepliaklqana
Kikubaaqudgha
Nemelex Xobeh
Qazlal
Ru
Trog
Vehumet
Wu Jian
Xom
Yredelemnul
The Shining One

Shops:
D:4 (   D:6 *%=   D:10 [

Annotations:
D:8 2 transporters


Innate Abilities, Weirdness & Mutations

You are resistant to torment.
Your stone body is resilient. (AC +8)
You are immune to poison.
You resist negative energy. (rN+)
You are resistant to electric shocks. (rElec)
You can survive without breathing.
You are immune to petrification.
You are immune to rotting.


Message History

There is a stone staircase leading up here.
Casting: Throw Frost (safe; 1% risk of failure)
Confirm with . or Enter, or press ? or * to list all spells.
Aiming: Throw Frost (safe; 1% risk of failure)
Press: ? - help, Shift-Dir - straight line, f - troll
Aim: a troll The puff of frost misses the troll.
The orc shouts!
The troll completely misses you. The troll misses you.
The troll completely misses you.
You climb upwards.
There is a stone staircase leading down here.
Things that are here:
a dagger; a big kobold skeleton Unknown command.
Unknown command.
Unknown command.
Casting: Throw Frost (safe; 1% risk of failure)
Confirm with . or Enter, or press ? or * to list all spells.
Aiming: Bolt of Magma (safe; 6% risk of failure)
Press: ? - help, Shift-Dir - straight line, f - troll
Aim: a troll The bolt of magma hits the troll.
The troll is heavily wounded.
The troll bites you. The troll completely misses you.
The troll barely misses you.
Casting: Bolt of Magma (safe; 6% risk of failure)
Confirm with . or Enter, or press ? or * to list all spells.
Aiming: Bolt of Magma (safe; 6% risk of failure)
Press: ? - help, Shift-Dir - straight line, f/p - troll
Aim: a troll (heavily wounded)
You miscast Bolt of Magma.
You are very lightly contaminated with residual magic.
You smell something strange.
The troll bites you but does no damage. The troll barely misses you.
The troll claws you.
Casting: Bolt of Magma (safe; 6% risk of failure)
Confirm with . or Enter, or press ? or * to list all spells.
Aiming: Bolt of Magma (safe; 6% risk of failure)
Press: ? - help, Shift-Dir - straight line, f/p - troll
Aim: a troll (heavily wounded)
The bolt of magma misses the troll.
The troll bites you. The troll claws you but does no damage.
The troll claws you.
Casting: Bolt of Magma (safe; 6% risk of failure)
Confirm with . or Enter, or press ? or * to list all spells.
Aiming: Bolt of Magma (safe; 6% risk of failure)
Press: ? - help, Shift-Dir - straight line, f/p - troll
Aim: a troll (moderately wounded)
The bolt of magma misses the troll.
The troll bites you. The troll claws you but does no damage.
The troll closely misses you.
Casting: Bolt of Magma (safe; 6% risk of failure)
Confirm with . or Enter, or press ? or * to list all spells.
Aiming: Freeze (safe; 1% risk of failure)
Press: ? - help, Shift-Dir - straight line, f/p - troll
Aim: a troll (moderately wounded)
You freeze the troll.
The troll is heavily wounded.
The troll bites you but does no damage. The troll claws you.
The troll claws you but does no damage.
You hit the troll.
The troll is severely wounded.
The troll bites you! The troll barely misses you.
The troll completely misses you.
You hit the troll.
The troll is severely wounded.
The troll bites you but does no damage. The troll claws you but does no damage.
You barely miss the troll.
The troll is severely wounded.
The troll completely misses you.
The troll claws you but does no damage. x2
You hit the troll.
The troll is severely wounded.
The troll completely misses you. The troll claws you but does no damage.
The troll claws you!
Casting: Freeze (safe; 1% risk of failure)
Confirm with . or Enter, or press ? or * to list all spells.
Aiming: Freeze (safe; 1% risk of failure)
Press: ? - help, Shift-Dir - straight line, f/p - troll
Aim: a troll (severely wounded)
You freeze the troll.
The troll is severely wounded.
The troll bites you but does no damage. The troll claws you.
The troll closely misses you.
You hit the troll.
The troll is severely wounded.
The troll closely misses you.
The troll claws you but does no damage. x2
You barely miss the troll.
The troll is severely wounded.
The troll bites you. The troll claws you.
* * * LOW HITPOINT WARNING * * *
The troll claws you but does no damage.
You barely miss the troll.
The troll is severely wounded.
The troll closely misses you. The troll claws you!
* * * LOW HITPOINT WARNING * * *
The troll claws you but does no damage.
Things that are here:
a dagger; a water moccasin corpse; an orc skeleton
As you read the scroll of teleportation, it crumbles to dust.
You feel strangely unstable. The troll completely misses you.
The troll claws you!
You die...

#................# #.
#.##############.# #. #.#
#.........#.# #. #.#
#.#######.#.# #. ###########.##
#.# #...#)# #. .............# #.#
#.###.# #. .............# #.# #.#
#.# #. .............# #.# #.# #.#
#. .....≈..≈....# #@#
#.###.#####. .............# #T#
#.........#.
.............###)#########.###.#.
................[>)[.......# #.#.
##.#######..#####)########## #.#.
#.## #..# #.# #.#.
##..######..### #[# #.#.
....).........# #.# #.#.
###.######..#.# #)# #.#.


You could see a troll.

Vanquished Creatures
  Harold (D:10)
  2 two-headed ogres
  A gargoyle (D:10)
  A komodo dragon (D:10)
  2 trolls
  2 yaks (D:10)
  Menkaure (D:6)
  2 water moccasins
  3 sky beasts
  An orc warrior (D:7)
  2 ice beasts
  5 phantoms
  A black bear (D:7)
  4 centaurs
  4 ogres
  2 big kobolds (D:10)
  Blork the orc (D:4)
  3 bullfrogs
  3 scorpions
  7 killer bees
  6 wights
  3 crimson imps
  2 centaur zombies
  3 bullfrog zombies
  4 jellies
  3 orc priests
  4 bullfrog skeletons
  4 hounds
  11 orc wizards
  4 iguanas
  5 worker ants
  A mummy (D:8)
  3 hound skeletons
  A worker ant zombie (D:10)
  2 gnolls (D:8)
  2 howler monkey skeletons
  7 adders
  5 shadow imps
  2 adder skeletons
  2 worms
  4 dart slugs
  3 leopard geckos
  28 orcs
  3 ball pythons
  18 giant cockroaches
  5 goblins (D:1)
  7 hobgoblins
  9 jackals
  6 quokkas
  3 bats
  7 frilled lizards
  12 kobolds
  A quokka zombie (D:5)
  4 rats
232 creatures vanquished.

Vanquished Creatures (collateral kills)
  4 yaks (D:10)
  A water moccasin (D:8)
  A gnoll sergeant (D:8)
  A bullfrog (D:10)
  A hound (D:10)
  A gnoll (D:8)
  An orc (D:10)
  A kobold (D:10)
11 creatures vanquished.

Grand Total: 243 creatures vanquished

Notes
Turn   | Place    | Note
-------+----------+-------------------------------------------
     0 | D:1      | Mgcat the Gargoyle Ice Elementalist began the quest for the
                  | Orb.
     0 | D:1      | Reached XP level 1. HP: 10/10 MP: 3/3
   494 | D:1      | Reached XP level 2. HP: 15/15 MP: 3/5
   498 | D:1      | Learned a level 2 spell: Throw Frost
  1263 | D:2      | Reached XP level 3. HP: 17/19 MP: 1/7
  1283 | D:2      | Reached skill level 2 in Conjurations
  1371 | D:2      | Found a radiant altar of Vehumet.
  1383 | D:2      | Reached XP level 4. HP: 23/24 MP: 3/8
  1399 | D:2      | Became a worshipper of Vehumet
  1453 | D:2      | Reached skill level 3 in Spellcasting
  1459 | D:2      | Learned a level 4 spell: Throw Icicle
  1620 | D:2      | Reached skill level 4 in Ice Magic
  1959 | D:2      | Found a sparkling altar of Nemelex Xobeh.
  2190 | D:3      | Reached * piety under Vehumet
  2190 | D:3      | Offered knowledge of Sandblast by Vehumet.
  2193 | D:3      | Learned a level 1 spell: Sandblast
  2477 | D:3      | Found a hazy altar of Hepliaklqana.
  2485 | D:3      | Reached XP level 5. HP: 28/28 MP: 7/9
  3156 | D:4      | Reached skill level 3 in Conjurations
  3439 | D:4      | Found Peacimes's Weapon Shoppe.
  3498 | D:4      | Noticed Blork the orc
  3511 | D:4      | Killed Blork the orc
  3511 | D:4      | Reached XP level 6. HP: 15/32 MP: 1/11
  3770 | D:4      | HP: 7/32 [bullfrog skeleton (5)]
  4563 | D:5      | Entered Level 5 of the Dungeon
  4640 | D:5      | Reached skill level 4 in Spellcasting
  4640 | D:5      | Reached skill level 1 in Earth Magic
  4886 | D:5      | Reached skill level 4 in Conjurations
  5023 | D:5      | Reached skill level 5 in Ice Magic
  5284 | D:5      | Offered knowledge of Magic Dart by Vehumet.
  5290 | D:5      | Noticed a sky beast
  5291 | D:5      | Noticed a hungry ghost
  5298 | D:5      | Killed a sky beast
  5298 | D:5      | Reached ** piety under Vehumet
  5298 | D:5      | Reached XP level 7. HP: 31/36 MP: 3/13
  5340 | D:5      | Paralysed by fainting for 9 turns
  5516 | D:5      | Found a staircase to the Ecumenical Temple.
  5554 | D:5      | Found a bloodstained altar of Trog.
  5834 | D:6      | Found Ryowown's Assorted Antiques.
  6265 | D:6      | Found Yxoax's Food Emporium.
  6277 | D:6      | Noticed Menkaure
  6342 | D:6      | Reached skill level 5 in Conjurations
  6444 | D:6      | Reached skill level 5 in Spellcasting
  6501 | D:6      | Reached XP level 8. HP: 41/41 MP: 11/15
  6620 | D:6      | Found Xilim's Jewellery Emporium.
  6779 | D:6      | Killed Menkaure
  6779 | D:6      | Reached skill level 6 in Ice Magic
  6947 | D:7      | HP: 2/41 [orc warrior/hand axe (9)]
  7305 | D:7      | Found a shimmering altar of Xom.
  7602 | D:7      | Reached skill level 6 in Conjurations
  7887 | D:7      | Learned a level 4 spell: Summon Ice Beast
  8017 | D:7      | Reached skill level 1 in Fighting
  8017 | D:7      | Reached skill level 6 in Spellcasting
  8271 | D:7      | Noticed a manticore
  8276 | D:6      | HP: 8/43 [manticore/volley of spikes (10)]
  8571 | D:6      | Bought a smoking bronze amulet for 105 gold pieces
  8617 | D:7      | Reached skill level 2 in Dodging
  8617 | D:7      | Reached XP level 9. HP: 25/47 MP: 3/18
  8618 | D:7      | Reached skill level 7 in Ice Magic
  8845 | D:7      | Reached skill level 1 in Summonings
  9030 | D:7      | Found an ornate altar of the Wu Jian Council.
  9095 | D:7      | Found a glowing golden altar of the Shining One.
  9246 | D:8      | Reached skill level 2 in Fighting
  9401 | D:8      | Found an ancient bone altar of Kikubaaqudgha.
  9435 | D:8      | Offered knowledge of Dazzling Spray by Vehumet.
  9530 | D:8      | Found a basalt altar of Yredelemnul.
  9530 | D:8      | Noticed a flayed ghost
  9587 | D:8      | Found a transporter.
  9606 | D:8      | Found a transporter.
  9729 | D:8      | Found a shattered altar of Ashenzari.
  9732 | D:8      | Found a stormy altar of Qazlal.
  9756 | D:8      | Found a snail-covered altar of Cheibriados.
  9866 | D:8      | Noticed a two-headed ogre
 10021 | D:8      | Killed a two-headed ogre
 10021 | D:8      | Reached skill level 3 in Fighting
 10021 | D:8      | Reached skill level 7 in Conjurations
 10021 | D:8      | Reached skill level 2 in Summonings
 10034 | D:7      | Reached *** piety under Vehumet
 10053 | D:7      | Reached skill level 3 in Dodging
 10476 | D:8      | Reached skill level 2 in Earth Magic
 10584 | D:8      | Reached skill level 3 in Summonings
 10584 | D:8      | Reached XP level 10. HP: 44/56 MP: 1/20
 10969 | D:9      | Offered knowledge of Ignite Poison by Vehumet.
 10969 | D:9      | Reached skill level 4 in Fighting
 11296 | D:9      | Found a sacrificial altar of Ru.
 11327 | D:9      | Reached skill level 3 in Earth Magic
 11987 | D:9      | Reached skill level 7 in Spellcasting
 12543 | D:10     | Entered Level 10 of the Dungeon
 12569 | D:10     | Noticed Harold
 12716 | D:10     | Reached skill level 8 in Ice Magic
 12864 | D:10     | Found a staircase to the Lair.
 12940 | D:10     | Noticed a gargoyle
 12971 | D:10     | Reached skill level 1 in Maces & Flails
 13022 | D:10     | Killed a gargoyle
 13294 | D:10     | Reached skill level 8 in Conjurations
 13297 | D:10     | Reached **** piety under Vehumet
 13444 | D:10     | Found Sumabol's Antique Armour Boutique.
 13452 | D:10     | Bought a glowing robe for 92 gold pieces
 13464 | D:10     | Identified the amulet "Nyeloyco" {Gourm Int+6 Stlth+} (You
                  | bought it in a shop on level 6 of the Dungeon)
 13903 | D:10     | Reached skill level 4 in Dodging
 14048 | D:10     | Killed Harold
 14048 | D:10     | Reached skill level 5 in Fighting
 14048 | D:10     | Reached skill level 2 in Maces & Flails
 14048 | D:10     | Reached skill level 4 in Earth Magic
 14330 | D:10     | Offered knowledge of Bolt of Magma by Vehumet.
 14337 | D:10     | Learned a level 5 spell: Bolt of Magma
 14803 | D:11     | Noticed a two-headed ogre
 14808 | D:10     | Reached XP level 11. HP: 51/63 MP: 7/22
 14812 | D:10     | Reached skill level 1 in Fire Magic
 15256 | D:10     | Killed a two-headed ogre
 15256 | D:10     | Reached skill level 3 in Maces & Flails
 15256 | D:10     | Reached skill level 5 in Earth Magic
 15522 | D:11     | Noticed a cyclops
 15789 | D:10     | Reached skill level 2 in Fire Magic
 15941 | D:10     | HP: 9/63 [troll (9)]
 15945 | D:10     | Slain by a troll

Vault maps used:
D:1:      eino_arrival_druids_welcome, serial_co_window_serial,
          co_window_corner_a, co_window_of_opportunity_a, co_window_corner_a,
          co_window_of_opportunity_a, co_window_of_opportunity_a,
          co_window_paths_b, co_window_of_opportunity_a, co_window_paths_b,
          co_window_paths_a, co_window_broadway_c, co_window_cross_2,
          co_window_2corner, co_window_broadway_b, co_window_corner_b,
          co_window_paths_c, glass_columns_b, minmay_misc_feat_columns
D:2:      minmay_roachtagon, lemuel_doored_altar, vehumet_crystals,
          first_ration, serial_bayou_ford_a
D:3:      lemuel_crystal_altar, corexii_item_surrounded_by_moat
D:4:      serial_shops, kennysheep_mini, uniq_blork_the_orc
D:5:      minmay_temple_entry_from_below_b, basic_altar
D:6:      serial_shops, nicolae_shop_trees,
          nicolae_shop_competitors_out_of_business, shop, uniq_menkaure
D:7:      kennysheep_little_box, xom_teletrap_fun, tso_oasis_becter,
          grunt_ogre_cave
D:8:      grunt_qazlal_clouds, kennysheep_mini_moat, ashenzari_altar_1,
          gammafunk_temple_of_torment
D:9:      nicolae_ru_great_annihilating_truth
D:10:     lair_entry_dummy, serial_shops, shop, uniq_harold

Skill      XL: |  1  2  3  4  5  6  7  8  9 10 11 |
---------------+----------------------------------+-----
Conjurations   | 2 3 4 5 6 7 8 |  8.7
Spellcasting   | 3 4 5 6 7 |  7.6
Ice Magic      | 4 5 6 7 8 |  8.7
Earth Magic    | 1 2 4 5 |  5.1
Fighting       | 1 3 5 |  5.0
Dodging        | 2 3 4 |  4.6
Summonings     | 3 |  3.3
Maces & Flails | 2 3 |  3.2
Fire Magic     | 2 |  2.0
Stealth        | |  2.1

Action                   |  1- 3 |  4- 6 |  7- 9 | 10-12 || total
-------------------------+-------+-------+-------+-------++-------
Melee: Unarmed           |     1 |       |       |       ||     1
       Dagger            |     4 |    86 |    10 |       ||   100
       Whip              |       |       |   124 |   178 ||   302
 Cast: Freeze            |    32 |   104 |    82 |   105 ||   323
       Throw Frost       |     2 |    33 |    79 |   127 ||   241
       Sandblast         |       |     7 |    28 |       ||    35
       Throw Icicle      |       |       |    30 |    11 ||    41
       Summon Ice Beast  |       |       |     5 |    13 ||    18
       Bolt of Magma     |       |       |       |    13 ||    13
Evoke: Wand              |       |       |     1 |       ||     1
  Use: Potion            |       |     1 |     2 |     1 ||     4
       Scroll            |       |       |    15 |     7 ||    22
 Stab: Sleeping          |       |     1 |       |     1 ||     2
  Eat: Chunk             |     2 |    10 |    15 |    26 ||    53
       Ration            |       |     1 |     5 |     1 ||     7
Armor: Robe              |     3 |    56 |   110 |   164 ||   333
Dodge: Dodged            |    23 |   106 |   161 |   247 ||   537

Table legend:
 A = Non-vault XP
 B = Vault XP
 C = Vault XP percentage of total XP
 D = Non-vault monster count
 E = Vault monster count
 F = Vault count percentage of total count
                 A         B        C        D         E       F
            +---------+---------+-------+---------+---------+-------
      Total |   10385 |    1326 |  11.3 |     224 |      19 |   7.8
            +---------+---------+-------+---------+---------+-------
        D:1 |      23 |       0 |   0.0 |      13 |       0 |   0.0
        D:2 |     106 |      20 |  15.9 |      18 |      10 |  35.7
        D:3 |      40 |       0 |   0.0 |      19 |       0 |   0.0
        D:4 |     152 |      91 |  37.4 |      16 |       1 |   5.9
        D:5 |     485 |       0 |   0.0 |      19 |       0 |   0.0
        D:6 |     368 |     172 |  31.9 |       7 |       1 |  12.5
        D:7 |    1165 |     121 |   9.4 |      23 |       1 |   4.2
        D:8 |    2047 |      15 |   0.7 |      36 |       1 |   2.7
        D:9 |    1280 |      58 |   4.3 |      19 |       4 |  17.4
       D:10 |    4570 |     849 |  15.7 |      49 |       1 |   2.0
       D:11 |     149 |       0 |   0.0 |       5 |       0 |   0.0
            +---------+---------+-------+---------+---------+-------

Vault maps used:
D:1:      eino_arrival_druids_welcome, serial_co_window_serial,
          co_window_corner_a, co_window_of_opportunity_a, co_window_corner_a,
          co_window_of_opportunity_a, co_window_of_opportunity_a,
          co_window_paths_b, co_window_of_opportunity_a, co_window_paths_b,
          co_window_paths_a, co_window_broadway_c, co_window_cross_2,
          co_window_2corner, co_window_broadway_b, co_window_corner_b,
          co_window_paths_c, glass_columns_b, minmay_misc_feat_columns
D:2:      minmay_roachtagon, lemuel_doored_altar, vehumet_crystals,
          first_ration, serial_bayou_ford_a
D:3:      lemuel_crystal_altar, corexii_item_surrounded_by_moat
D:4:      serial_shops, kennysheep_mini, uniq_blork_the_orc
D:5:      minmay_temple_entry_from_below_b, basic_altar
D:6:      serial_shops, nicolae_shop_trees,
          nicolae_shop_competitors_out_of_business, shop, uniq_menkaure
D:7:      kennysheep_little_box, xom_teletrap_fun, tso_oasis_becter,
          grunt_ogre_cave
D:8:      grunt_qazlal_clouds, kennysheep_mini_moat, ashenzari_altar_1,
          gammafunk_temple_of_torment
D:9:      nicolae_ru_great_annihilating_truth
D:10:     lair_entry_dummy, serial_shops, shop, uniq_harold

Table legend:
 A = Turns spent in this place as a percentage of turns spent in the entire game.
 B = Non-inter-level travel turns spent in this place as a percentage of non-inter-level travel turns spent in the entire game.
 C = Inter-level travel turns spent in this place as a percentage of turns spent in this place.
 D = Turns resting spent in this place as a percentage of non-inter-level travel turns spent in this place.
 E = Turns spent auto-exploring this place as a percentage of non-inter-level travel turns spent in this place.
 F = Non-inter-level travel turns spent in this place divided by the number of levels of this place that you've seen.
                   A       B       C       D       E      F
               +-------+-------+-------+-------+-------+----------------------
         Total | 100.0 | 100.0 |   6.1 |   6.7 |  77.3 | 1360.8
       Dungeon | 100.0 | 100.0 |   6.1 |   6.7 |  77.3 | 1360.8
               +-------+-------+-------+-------+-------+----------------------

Table legend:
 A = Kills in this place as a percentage of kills in entire the game.
 B = Kills by you in this place as a percentage of kills by you in the entire game.
 C = Kills by friends in this place as a percentage of kills by friends in the entire game.
 D = Other kills in this place as a percentage of other kills in the entire game.
 E = Experience gained in this place as a percentage of experience gained in the entire game.
 F = Experience gained in this place divided by the number of levels of this place that you have seen.
                   A       B       C       D       E      F
               +-------+-------+-------+-------+-------+----------------------
         Total | 100.0 | 100.0 | 100.0 |   N/A | 100.0 | 1064.6
       Dungeon | 100.0 | 100.0 | 100.0 |   N/A | 100.0 | 1064.6
               +-------+-------+-------+-------+-------+----------------------
